Map: Submarine LE

Players

SKillous

  • Race: Protoss Protoss
  • League: Grandmaster
  • Spawn Location: 11:00

Lambo - Winner!

  • Race: Zerg Zerg
  • League: Master
  • Spawn Location: 5:00

Event: DreamHack SC2 Masters 2020 Winter

VOD

Have the link to the VOD?

Description

Time

  • Played on: Oct. 29, 2020, 4:33 p.m.
  • Length: 17:03

All games in this series

Show
View Real Time Build Order
Export as new Build Order

SKillous Protoss 

Build Orders: 1 Gate Expand, Mass Adepts 

Get SALT Encoding   

  12  0:00  Probe  
  13  0:13  Pylon  
  13  0:18  Probe (Chrono Boost)  
  14  0:27  Probe (Chrono Boost)  
  15  0:32  Probe (Chrono Boost)  
  16  0:40  Gateway  
  16  0:44  Probe  
  16  0:48  Assimilator  
  17  0:56  Probe  
  18  1:08  Probe  
  19  1:21  Probe  
  20  1:27  Nexus  
  20  1:35  Cybernetics Core  
  20  1:38  Probe  
  21  1:44  Assimilator  
  21  1:50  Probe  
  22  1:55  Pylon  
  22  2:02  Probe  
  23  2:10  Adept (Chrono Boost)  
  23  2:12  Warp Gate  
  23  2:14  Probe  
  26  2:24  Twilight Council  
  26  2:26  Probe  
  27  2:30  Stalker (Chrono Boost)  
  29  2:39  Probe (Chrono Boost)  
  29  2:44  Probe (Chrono Boost)  
  31  2:48  Probe (Chrono Boost)  
  33  2:52  Probe (Chrono Boost)  
  33  2:53  Probe (Chrono Boost)  
  34  2:59  Robotics Facility  
  34  3:06  Gateway  
  34  3:10  Shield Battery  
  34  3:12  Adept  
  35  3:14  Probe  
  35  3:15  Resonating Glaives (Chrono Boost)  
  35  3:18  Probe  
  37  3:30  Probe  
  37  3:32  Gateway  
  38  3:35  Gateway  
  38  3:38  Probe  
  39  3:43  Warp Prism (Chrono Boost)  
  41  3:48  Probe  
  41  3:53  Pylon  
  42  3:56  Pylon  
  42  3:58  Probe  
  43  4:04  Adept  
  43  4:06  Probe  
  46  4:11  Adept  
  46  4:12  Observer, Probe  
  46  4:13  Assimilator  
  50  4:19  Probe  
  50  4:22  Pylon  
  51  4:31  Adept x4  
  51  4:34  Probe  
  60  4:39  Assimilator, Probe  
  53  4:53  Adept x2  
  53  4:54  Adept x2, Probe  
  60  5:02  Robotics Bay  
  60  5:03  Probe  
  60  5:06  Probe  
  56  5:15  Probe  
  56  5:16  Adept  
  56  5:17  Adept  
  56  5:19  Adept  
  56  5:20  Adept  
  65  5:27  Pylon  
  65  5:30  Probe x2  
  63  5:44  Probe  
  63  5:48  Disruptor (Chrono Boost)  
  64  5:51  Gravitic Drive  
  64  5:55  Nexus  
  64  5:57  Pylon  
  63  5:59  Probe  
  63  6:00  Probe  
  65  6:05  Adept  
  65  6:06  Adept  
  65  6:07  Sentry  
  65  6:08  Sentry  
  73  6:15  Probe x2  
  73  6:16  Disruptor (Chrono Boost)  
  73  6:18  Shield Battery  
  78  6:31  Forge, Pylon, Probe x2  
  80  6:34  Blink  
  80  6:44  Immortal (Chrono Boost)  
  80  6:45  Probe  
  86  6:56  Gateway x2  
  86  6:59  Gateway  
  86  7:00  Protoss Ground Weapons Level 1 (Chrono Boost), Probe (Chrono Boost)  
  87  7:02  Probe (Chrono Boost)  
  87  7:07  Probe (Chrono Boost)  
  88  7:12  Adept  
  88  7:14  Adept  
  94  7:17  Probe x2 (Chrono Boost)  
  94  7:19  Immortal (Chrono Boost)  
  98  7:24  Probe  
  99  7:31  Pylon, Probe  
  99  7:32  Probe  
  101  7:39  Probe  
  103  7:44  Assimilator  
  103  7:47  Gateway, Observer  
  103  7:48  Assimilator  
  103  7:50  Colossus, Gateway  
  102  7:53  Probe x3  
  107  7:59  Robotics Facility  
  107  8:02  Sentry x3  
  107  8:03  Stalker  
  115  8:11  Extended Thermal Lance  
  115  8:23  Stalker  
  115  8:26  Pylon  
  117  8:28  Pylon  
  117  8:31  Pylon  
  117  8:41  Pylon  
  117  8:42  Charge  
  117  8:44  Stalker x2, Probe  
  117  8:45  Stalker  
  117  8:46  Colossus (Chrono Boost)  
  130  8:53  Protoss Ground Weapons Level 2 (Chrono Boost)  
  130  8:55  Probe  
  131  9:01  Stalker x6  
  142  9:04  Pylon  
  138  9:23  Stalker x3  
  136  9:30  Stalker x5  
  146  9:40  Warp Prism (Chrono Boost)  
  146  9:42  Colossus (Chrono Boost)  
  152  9:53  Nexus  
  152  9:56  Pylon  
  152  10:01  Probe  
  152  10:02  Probe  
  152  10:04  Probe  
  155  10:07  Templar Archives  
  155  10:08  Stalker  
  155  10:13  Pylon  
  157  10:15  Probe  
  158  10:26  Colossus  
  164  10:32  Colossus  
  157  10:36  Stalker x2  
  161  10:44  Zealot  
  163  10:51  Zealot  
  163  10:54  Psionic Storm  
  165  10:57  Pylon  
  165  10:59  Pylon  
  161  11:07  High Templar  
  161  11:12  Gateway  
  161  11:15  High Templar  
  163  11:19  Zealot  
  163  11:20  Zealot x5  
  175  11:26  Nexus  
  175  11:27  Pylon  
  172  11:45  Protoss Ground Weapons Level 3 (Chrono Boost)  
  152  11:47  High Templar x2  
  154  11:54  Probe  
  145  12:08  Photon Cannon  
  143  12:11  Stalker x4  
  128  12:36  Probe x3  
  131  12:40  Stalker x4, Observer  
  131  12:41  Stalker x2  
  144  12:53  Photon Cannon, Probe  
  145  13:04  Probe  
  146  13:10  Stalker x6  
  158  13:28  Zealot x2  
  162  13:35  Pylon  
  122  13:52  Stalker x6  
  108  14:27  Zealot x4  
  100  14:36  Stalker x2  
  76  14:56  Zealot x4  
  60  15:02  Stalker x6  
  70  15:21  High Templar x2  
  70  15:25  High Templar x2  
  70  15:27  Stalker  
  70  15:28  Stalker  
  81  15:42  Probe  
  81  15:51  Stalker x3  
  81  15:52  Sentry x2  
  81  15:55  Sentry  
  93  16:05  Pylon  
  93  16:17  Zealot x3  
  85  16:30  Archon  
  85  16:31  Stalker x2  
  78  16:35  Archon, Zealot  
  78  16:39  Zealot  
  74  16:46  Zealot  
  39  16:54  Zealot  
Show
View Real Time Build Order
Export as new Build Order

Lambo Zerg - Winner!

Build Orders: Hatch First 

Get SALT Encoding   

  12  0:00  Drone  
  13  0:13  Overlord  
  13  0:16  Drone  
  14  0:31  Drone x2  
  16  0:41  Drone  
  17  0:50  Hatchery  
  17  0:54  Drone  
  17  0:58  Drone  
  18  1:08  Extractor  
  17  1:12  Spawning Pool  
  17  1:15  Drone  
  17  1:18  Drone  
  18  1:30  Drone  
  19  1:40  Drone  
  20  1:51  Overlord  
  20  1:58  Queen  
  22  2:02  Queen  
  22  2:03  Zergling x4  
  26  2:11  Drone  
  26  2:12  Metabolic Boost  
  27  2:18  Drone  
  28  2:26  Drone x2  
  30  2:33  Drone  
  31  2:37  Drone  
  31  2:39  Queen  
  34  2:47  Overlord  
  34  2:48  Drone  
  35  2:54  Hatchery  
  34  2:59  Drone  
  34  3:01  Overlord  
  35  3:09  Drone  
  35  3:10  Drone x3  
  35  3:12  Drone x2  
  41  3:14  Drone  
  41  3:19  Queen  
  42  3:23  Drone  
  45  3:27  Queen  
  45  3:29  Drone  
  45  3:32  Overlord  
  48  3:36  Drone  
  49  3:42  Drone x2  
  49  3:43  Drone  
  49  3:46  Roach Warren  
  51  3:49  Overlord  
  51  3:51  Drone x2  
  53  3:56  Drone  
  53  3:57  Drone x2  
  56  4:04  Overlord  
  56  4:06  Zergling x2  
  57  4:10  Zergling x2  
  57  4:14  Zergling x8, Spine Crawler  
  61  4:21  Spore Crawler  
  61  4:22  Spore Crawler  
  61  4:24  Zergling x10  
  64  4:29  Roach x2  
  68  4:32  Overlord  
  68  4:38  Overlord  
  68  4:39  Roach  
  68  4:42  Overlord  
  68  4:43  Roach x3  
  74  4:48  Roach x2  
  74  4:51  Zergling x2  
  74  4:52  Zergling x2  
  74  4:57  Zergling x6  
  74  5:03  Zergling x6  
  73  5:12  Zergling x4  
  76  5:21  Zergling x6  
  76  5:25  Zergling x4  
  77  5:35  Drone x7  
  82  5:44  Drone  
  82  5:47  Drone x2  
  85  5:52  Lair  
  85  5:54  Spore Crawler  
  85  5:56  Extractor  
  83  5:57  Extractor  
  83  5:59  Drone x2  
  83  6:01  Drone  
  83  6:02  Drone  
  86  6:07  Evolution Chamber  
  86  6:08  Drone x2  
  86  6:09  Drone  
  86  6:10  Drone  
  89  6:11  Drone  
  89  6:14  Drone x2  
  89  6:17  Extractor  
  91  6:19  Drone x2  
  91  6:20  Drone  
  91  6:22  Drone  
  95  6:25  Drone x2  
  95  6:27  Overlord  
  95  6:29  Drone x2  
  99  6:33  Drone x2  
  99  6:35  Ravager x2  
  99  6:37  Drone x2  
  105  6:40  Zerg Missile Weapons Level 1  
  105  6:44  Drone  
  105  6:45  Overlord  
  106  6:47  Overlord  
  106  6:51  Overseer  
  106  6:55  Drone x7, Extractor  
  106  6:57  Extractor  
  111  7:02  Drone x3  
  111  7:05  Drone, Queen  
  117  7:18  Hatchery  
  117  7:20  Baneling Nest, Roach x4  
  117  7:22  Evolution Chamber  
  122  7:27  Roach x4  
  130  7:43  Drone x2  
  130  7:44  Overlord x2  
  130  7:45  Glial Reconstitution  
  130  7:47  Overlord  
  128  7:55  Overlord  
  128  7:56  Drone x3  
  130  7:59  Zerg Melee Weapons Level 1  
  130  8:01  Overlord  
  130  8:03  Overlord  
  130  8:05  Centrifical Hooks  
  130  8:06  Overlord  
  130  8:07  Overlord  
  130  8:09  Roach x4  
  130  8:12  Ravager x3  
  143  8:16  Infestation Pit, Roach x4  
  143  8:18  Ravager x2  
  151  8:20  Roach, Zergling x2  
  151  8:24  Zergling x6  
  155  8:31  Zergling x12  
  155  8:32  Zergling x2  
  162  8:36  Zerg Missile Weapons Level 2  
  162  8:38  Drone  
  163  8:44  Roach x3, Zergling x4  
  163  8:48  Drone x2  
  173  8:54  Drone x2  
  173  8:55  Extractor, Hive  
  174  8:57  Roach x4  
  174  9:01  Drone  
  174  9:02  Drone x2  
  185  9:07  Overlord  
  185  9:11  Roach x2  
  185  9:14  Hatchery  
  185  9:15  Roach x2  
  190  9:19  Roach  
  192  9:28  Overlord  
  192  9:41  Baneling x4  
  192  9:42  Baneling x20  
  192  9:46  Queen  
  192  9:47  Overlord  
  192  9:48  Zergling x16  
  200  9:56  Zerg Melee Weapons Level 2  
  200  10:00  Baneling x9, Overlord, Spine Crawler  
  200  10:03  Overlord  
  200  10:04  Overlord  
  200  10:07  Overlord  
  199  10:10  Overlord  
  199  10:13  Zergling x2  
  200  10:14  Overlord  
  200  10:18  Overlord  
  199  10:23  Overlord  
  199  10:27  Zergling x8  
  196  10:30  Zergling x30  
  196  10:33  Zergling x8  
  190  10:37  Zergling x4  
  190  10:42  Drone, Viper x2  
  190  10:44  Roach x2  
  200  10:51  Overlord  
  200  10:59  Zergling x2  
  189  11:04  Drone x8  
  189  11:07  Ravager x2  
  189  11:09  Zerg Missile Weapons Level 3  
  199  11:16  Overseer  
  199  11:17  Zergling x2  
  200  11:19  Baneling x10  
  200  11:24  Baneling x6  
  200  11:29  Overlord  
  199  11:34  Zergling x6  
  182  11:47  Zergling x2  
  182  11:48  Zergling x34  
  192  11:56  Drone x6  
  192  11:58  Zergling x4  
  192  12:00  Baneling  
  192  12:01  Baneling x4  
  199  12:05  Zergling x2  
  199  12:07  Overseer  
  197  12:09  Baneling x7  
  197  12:11  Zergling x6  
  199  12:23  Overlord x2  
  199  12:26  Zergling x8  
  199  12:32  Zergling x2  
  199  12:33  Zergling x12  
  198  12:41  Hatchery  
  195  12:49  Baneling x15  
  198  12:51  Roach x2, Zergling x6  
  198  12:54  Baneling x10  
  194  12:59  Hatchery  
  194  13:02  Adrenal Glands  
  194  13:03  Zergling x12  
  194  13:04  Overseer  
  194  13:05  Pneumatized Carapace  
  199  13:38  Zergling x2  
  199  13:39  Zergling x28  
  175  13:42  Zergling x22  
  175  13:46  Zerg Ground Armor Level 1  
  171  13:48  Roach x7  
  171  13:54  Roach x2  
  169  13:57  Roach  
  169  13:58  Baneling x11  
  169  13:59  Baneling x3  
  169  14:00  Baneling x5  
  169  14:01  Roach  
  173  14:03  Roach  
  173  14:05  Baneling x8  
  173  14:06  Baneling x2, Ravager  
  173  14:07  Roach x4, Ravager  
  182  14:10  Roach  
  182  14:12  Baneling x9  
  169  14:18  Roach x6  
  156  14:24  Zergling x14  
  146  14:32  Roach x6  
  146  14:34  Roach  
  138  14:41  Roach x2  
  138  14:44  Roach x5  
  133  14:53  Roach x3  
  133  14:55  Roach  
  133  14:57  Ravager  
  133  15:00  Roach  
  133  15:04  Roach x5  
  133  15:06  Roach  
  147  15:07  Ravager  
  148  15:14  Roach  
  148  15:15  Roach  
  148  15:17  Roach x2  
  156  15:24  Overseer  
  156  15:26  Zergling x8  
  158  15:30  Zergling x6  
  158  15:33  Hatchery  
  158  15:35  Zergling x8  
  157  15:37  Zergling x4  
  157  15:42  Zergling x2  
  161  15:50  Zergling x10  
  161  15:55  Baneling Nest, Ravager x4  
  161  15:56  Ravager  
  169  16:00  Ravager  
  169  16:01  Zergling x14  
  177  16:07  Zergling x4  
  174  16:12  Zergling x6  
  174  16:16  Zergling x2  
  175  16:21  Roach x4  
  172  16:28  Roach  
  172  16:30  Roach x3  
  161  16:34  Roach  
  161  16:39  Roach  
  145  16:41  Roach x2  
  145  16:42  Roach x2  
Tags
 
Add a new tag
Caveats
  • Supply blocks, unpowered buildings, or Contaminate may cause inaccurate times.
  • Supply counts are checked every 10 seconds.